 Dungeon Crawl Stone Soup version 0.31-a0-264-ga0b03e459d (webtiles) character file.

Game seed: 9587605043435269717

53 qw the Shooter (level 3, -1/21 HPs)
             Began as a Gargoyle Hexslinger on July 13, 2023.
             Slain by an orc
             ... wielding a +0 morningstar
              (10 damage)
             ... on level 3 of the Dungeon.
             The game lasted 00:00:31 (2071 turns).

qw the Shooter (Gargoyle Hexslinger)                Turns: 2071, Time: 00:00:32

Health: -1/21      AC:  5    Str: 11    XL:     3   Next: 87%
Magic:  4/4        EV: 12    Int: 13    God:
Gold:   1226       SH:  0    Dex: 14    Spells: 3/4 levels left

rFire   . . .        Y - +1 sling
rCold   . . .        (no shield)
rNeg    + + .        c - +0 robe
rPois   inf          (no helmet)
rElec   +            (no cloak)
rCorr   .            (no gloves)
SInv    .            (no boots)
Will    +....        (no amulet)
Stlth   +            e - ring of positive energy
HPRegen 0.23/turn    f - ring of willpower
MPRegen 0.09/turn

%: no passive effects
@: no status effects
A: sickness immunity, AC +3, negative energy resistance 1, electricity
resistance, torment resistance 1, petrification resistance
a: no special abilities


You were on level 3 of the Dungeon.
You visited 1 branch of the dungeon, and saw 3 of its levels.

You collected 1226 gold pieces.


Innate Abilities, Weirdness & Mutations

You are immune to sickness and miasma.
Your stone body is resilient. (AC +3)
You are immune to poison.
You resist negative energy. (rN+)
You are resistant to electric shocks. (rElec)
You are resistant to unholy torment.
You are immune to petrification.


   Skills:
 - Level 2.0 Fighting
 + Level 3.7 Ranged Weapons
 - Level 1.5 Dodging
 - Level 1.0 Spellcasting
 - Level 2.6 Hexes


You had 3 spell levels left.
You knew the following spells:

 Your Spells              Type           Power      Damage    Failure   Level
a - Slow                  Hex            28%        N/A       10%         1

Your spell library contained the following spells:

 Spells                   Type           Power      Damage    Failure   Level
 Inner Flame              Hex/Fire       4%         N/A       43%         3
 Portal Projectile        Hex/Tloc       8%         N/A       43%         3
 Cause Fear               Hex            3%         N/A       67%         4

Inventory:

Hand Weapons
 Y - a +1 sling (weapon)
Armour
 c - a +0 robe (worn)
 g - a +1 helmet
Jewellery
 a - a ring of protection from cold
 e - a ring of positive energy (left hand)
 f - a ring of willpower (right hand)
Scrolls
 b - 3 scrolls of teleportation
 d - 3 scrolls of identify

Dungeon Overview and Level Annotations

Branches:
Dungeon (3/15)

Altars:
Trog


Message History

Enter note:
Enter note:
Enter note:
Enter note: You shoot a sling bullet.
The orc shouts!
The sling bullet hits the orc.
The orc is lightly wounded.
You hear a shout!
An orc comes into view. It is wielding a +0 whip.
You shoot a sling bullet.
The sling bullet hits the orc but does no damage.
The orc is lightly wounded.
You shoot a sling bullet. The sling bullet hits the orc.
The orc is heavily wounded.
You shoot a sling bullet. The sling bullet barely misses the orc.
The sling bullet closely misses the orc.
You shoot a sling bullet.
The sling bullet closely misses the orc.
The orc closely misses you.
You shoot a sling bullet.
The sling bullet closely misses the orc.
The sling bullet hits the orc.
The orc is heavily wounded.
The orc hits you with a +0 club. The orc hits you with a +0 morningstar.
You shoot a sling bullet. The sling bullet hits the orc.
You kill the orc!
The orc hits you with a +0 whip. The orc barely misses you.
You shoot a sling bullet. The sling bullet hits the orc.
The orc is severely wounded.
The orc barely misses you. The orc hits you with a +0 morningstar.
You shoot a sling bullet. The sling bullet hits the orc.
You kill the orc!
The orc misses you.
You shoot a sling bullet. The sling bullet hits the orc.
The orc is heavily wounded.
The orc closely misses you.
An orc comes into view. It is wielding a +0 club.
The orc hits you with a +0 morningstar!
You die...

#.# #.##.#. #.#
#.#.... #.# #)#....
#.# ##.#.... #.#
#....... #.#
#....... #.#
#....... ##.##
#....... #.@.#
#....... #))o#
#.....## #......
#....... #........
..#......
#............#......
#.......... #......
#........o. .....
#.......... .....
#####


You could see 2 orcs.

Vanquished Creatures
  An adder (D:2)
  A worm (D:2)
  A dart slug (D:2)
  2 orcs (D:3)
  2 ball pythons (D:2)
  4 bats
  4 endoplasms
  4 goblins
  A hobgoblin (D:2)
  3 kobolds
  2 quokkas
  6 frilled lizards
  4 rats
35 creatures vanquished.

Notes
Turn   | Place    | Note
-------+----------+-------------------------------------------
     0 | D:1      | qw the Gargoyle Hexslinger began the quest for the Orb.
     0 | D:1      | Reached XP level 1. HP: 12/12 MP: 2/2
     0 | D:1      | 0 ||| qw: Version: 0.3-a-52-g30416fa
     0 | D:1      | 0 ||| qw: Game counter: 7568
     0 | D:1      | 0 ||| qw: Melee chars always use a shield: true
     0 | D:1      | 0 ||| qw: God list: Okawaru
     0 | D:1      | 0 ||| qw: Allow faded altars: false
     0 | D:1      | 0 ||| qw: Do Orc after clearing Dungeon:15 true
     0 | D:1      | 0 ||| qw: Do second Lair branch before Depths: true
     0 | D:1      | 0 ||| qw: Lair rune preference: random
     0 | D:1      | 0 ||| qw: Goals: Normal
     0 | D:1      | 0 ||| PLANNING D:1-11
    86 | D:1      | Noticed a shining eye
    88 | D:1      | Found a faded altar of an unknown god.
    92 | D:1      | Noticed a floating eye
    92 | D:1      | Noticed a great orb of eyes
    92 | D:1      | Noticed a great orb of eyes
   416 | D:1      | You fall into a shaft and drop 1 floor!
   429 | D:2      | Reached XP level 2. HP: 16/16 MP: 3/3
   498 | D:2      | Reached skill level 3 in Ranged Weapons
   567 | D:2      | 567 ||| UPGRADING to ring of positive energy.
   568 | D:2      | 568 ||| UPGRADING to ring of willpower.
   569 | D:2      | 569 ||| READING scroll labelled FELYKHL OTHRICU.
   570 | D:2      | 570 ||| READING scroll labelled DIDUCO MOTWECH.
   571 | D:2      | 571 ||| READING scroll labelled RONNEZ GUTEJA.
   572 | D:2      | 572 ||| DROPPING scroll of poison.
   575 | D:2      | 575 ||| FLEEEEING.
   576 | D:2      | 576 ||| FLEEEEING.
   577 | D:2      | 577 ||| FLEEEEING.
   578 | D:2      | 578 ||| FLEEEEING.
   579 | D:2      | 579 ||| STAIRDANCE
   624 | D:1      | Reached XP level 3. HP: 10/21 MP: 4/4
  1019 | D:1      | 1019 ||| DROPPING ring of flight.
  1791 | D:2      | 1791 ||| READING scroll labelled ZUHISK ULERYSE.
  1792 | D:2      | 1792 ||| READING 4 scrolls labelled KEOTHUZ CEXEU.
  1797 | D:2      | 1797 ||| READING scroll labelled FOUNLU GAOL.
  1797 | D:2      | Identified a scroll of acquirement
  1797 | D:2      | 1797 ||| ACQUIRING 1136 gold pieces
  1797 | D:2      | Acquired 1136 gold pieces
  1859 | D:3      | Found a bloodstained altar of Trog.
  2071 | D:3      | Slain by an orc

Levels and vault maps discovered:
D:1:      pf_arrival_petrified_forest, layout_loops_corners,
          hellmonk_ecumenical_altar_watching_god, minmay_misc_feat_chi,
          grunt_decor_one_mirror
D:2:      layout_basic, uniq_crazy_yiuf_cottage
D:3:      layout_basic, mainiacjoe_overflow_paths

Skill      XL: |  1  2 |
---------------+-------+-----
Ranged Weapons | 3 |  3.7
Fighting       | 2 |  2.0
Dodging        | |  1.5
Spellcasting   | |  1.0
Hexes          | |  2.6

Action                     || total
---------------------------++-------
   Fire: Sling             ||   106
    Use: Scroll            ||     6
 Armour: Robe              ||     8
  Dodge: Dodged            ||    26

Table legend:
 A = Non-vault XP
 B = Vault XP
 C = Vault XP percentage of total XP
 D = Non-vault monster count
 E = Vault monster count
 F = Vault count percentage of total count
                 A         B        C        D         E       F
            +---------+---------+-------+---------+---------+-------
      Total |      76 |       0 |   0.0 |      35 |       0 |   0.0
            +---------+---------+-------+---------+---------+-------
        D:1 |      19 |       0 |   0.0 |      11 |       0 |   0.0
        D:2 |      48 |       0 |   0.0 |      20 |       0 |   0.0
        D:3 |       9 |       0 |   0.0 |       4 |       0 |   0.0
            +---------+---------+-------+---------+---------+-------
